 Dungeon Crawl Stone Soup version 0.27.1-1-g398f81649c (console) character file.

Game seed: 3885956801104933804

6694 thromnambular the Fighter (level 11, -7/71 HPs)
             Began as a Tengu Wanderer on Sept 6, 2021.
             Was an Elder of Makhleb.
             Splashed by an acid dragon's acid (11 damage)
             ... on level 10 of the Dungeon.
             The game lasted 00:25:53 (12448 turns).

thromnambular the Fighter (Tengu Wanderer)         Turns: 12448, Time: 00:25:54

Health: -7/71      AC:  3    Str: 12      XL:     11   Next: 3%
Magic:  11/11      EV: 17    Int: 13 (14) God:    Makhleb [****..]
Gold:   508        SH: 15    Dex: 14      Spells: 1/10 levels left

rFire    + . .     SeeInvis .   f - +5 falchion (holy)
rCold    + . .     Faith    .   p - +0 kite shield
rNeg     . . .     Spirit   .   C - +6 ring mail of Precision Catastrophes {rF+ Will++}
rPois    .         Reflect  +   (helmet restricted)
rElec    .         Harm     .   b - +2 cloak
rCorr    .         Rampage  .   (no gloves)
Will     ++...                  (boots unavailable)
Stlth    +.........             k - amulet of reflection
HPRegen  0.21/turn              o - +4 ring of evasion
MPRegen  0.12/turn              m - ring of protection from cold

@: corroded, flying quickly and evasively, quick
A: beak, talons 3, nimble flight, deterioration 1, low mp 1, sense surroundings
1, weak 1, MP-powered wands
a: Renounce Religion, Minor Destruction, Lesser Servant of Makhleb, Major
Destruction


You were on level 10 of the Dungeon.
You worshipped Makhleb.
Makhleb was greatly pleased with you.
You visited 2 branches of the dungeon, and saw 11 of its levels.
You also visited: Ossuary.

You collected 508 gold pieces.

Inventory:

Hand Weapons
 f - a +5 falchion of holy wrath (weapon)
 r - a +0 great sword
 L - a +4 scimitar
Missiles
 c - 5 poisoned darts (quivered)
 h - 7 boomerangs
 B - 8 datura-tipped darts
Armour
 b - a +2 cloak (worn)
 p - a +0 kite shield (worn)
 C - the +6 ring mail of Precision Catastrophes (worn) {rF+ Will++}
   (You found it on level 9 of the Dungeon)

   rF:        It protects you from fire.
   Will:      It greatly increases your willpower.
 H - the +1 robe of the Thunderstorm {+Inv rElec rN+}
   (You found it in an ossuary)

   rElec:     It insulates you from electricity.
   rN:        It protects you from negative energy.
   +Inv:      It lets you turn invisible.
Jewellery
 k - an amulet of reflection (around neck)
 m - a ring of protection from cold (right hand)
 o - a +4 ring of evasion (left hand)
 J - a ring of ice
Wands
 a - a wand of flame (10)
 u - a wand of acid (9)
 K - a wand of paralysis (7)
Scrolls
 d - 4 scrolls of teleportation
 g - a scroll of torment {unknown}
 j - a scroll of silence {unknown}
 l - a scroll of fog
 n - a scroll of fear
 q - 2 scrolls of noise
 s - a scroll of enchant weapon {unknown}
 t - 2 scrolls of summoning {unknown}
 w - 2 scrolls of magic mapping
 A - a scroll of amnesia {unknown}
 G - a scroll of blinking
Potions
 e - a potion of magic
 i - 2 potions of attraction
 v - a potion of curing
 x - 2 potions of lignification
 z - a potion of ambrosia {unknown}
 D - a potion of flight {unknown}
 E - 2 potions of might
 F - a potion of cancellation {unknown}
 I - 2 potions of brilliance
 M - a potion of haste


   Skills:
 + Level 9.0 Fighting
 + Level 8.3 Long Blades
 - Level 4.0 Axes
 - Level 1.0 Throwing
 + Level 5.7 Armour
 - Level 6.5 Dodging
 + Level 7.6 Shields
 - Level 4.1 Necromancy
 - Level 1.2 Invocations
 - Level 1.0 Evocations


You had one spell level left.
You knew the following spells:

 Your Spells              Type           Power      Damage    Failure   Level
a - Vampiric Draining     Necr           5%         2d6       67%         3
b - Agony                 Necr           10%        N/A       100%        5
c - Apportation           Tloc           0%         N/A       86%         1

Your spell library contained the following spells:

 Spells                   Type           Power      Damage    Failure   Level
 Animate Skeleton         Necr           20%        N/A       30%         1
 Pain                     Necr           40%        1d6       30%         1
 Dazzling Flash           Conj/Hex       0%         N/A       99%         3
 Olgreb's Toxic Radiance  Pois           0%         N/A       100%        4
 Alistair's Intoxication  Tmut/Pois      0%         N/A       100%        5
 Silence                  Hex/Air        0%         N/A       100%        5
 Invisibility             Hex            0%         N/A       100%        6
 Ozocubu's Refrigeration  Ice            0%         4d5       100%        7
 Ignition                 Fire           0%         3d3       100%        8


Dungeon Overview and Level Annotations

Branches:
Dungeon (10/15)            Temple (0/1) D:5            Lair (1/6) D:10
    Orc (0/2) D:9         Ossuary (visited)

Altars:
Fedhas
Makhleb
Qazlal
Uskayaw
Xom

Shops:
D:9 (


Innate Abilities, Weirdness & Mutations

You have a beak for a mouth.
You have claws for feet.
Your magical nature lets you fly swiftly and evasively.
Your body sometimes deteriorates upon taking damage.
Your magical capacity is low. (-10% MP)
You passively map a small area around you.
You are weak. (Str -2)
You expend magic power (3 MP) to strengthen your wands.


Message History

The splash of acid hits you.
You are splashed with acid!
You hit the acid dragon.
The acid dragon is heavily wounded.
The acid dragon misses you. You block the acid dragon's attack.
You slash the acid dragon!
You peck the acid dragon, but do no damage.
The acid dragon is severely wounded.
The acid dragon looks more healthy.
The acid dragon spits acid at you. The splash of acid hits you!
The acid corrodes you!
You are splashed with acid!
* * * LOW HITPOINT WARNING * * *
Your body deteriorates!
You feel dopey.
You hit the acid dragon but do no damage.
You claw the acid dragon, but do no damage.
You peck the acid dragon, but do no damage.
The acid dragon is severely wounded.
You block the acid dragon's attack. x2
Okay, then.
Unknown command.
You feel better. The acid dragon spits acid at you.
The splash of acid hits you!
* * * LOW HITPOINT WARNING * * *
You are splashed with acid!
* * * LOW HITPOINT WARNING * * *
You feel better. You block the acid dragon's attack. The acid dragon claws you.
* * * LOW HITPOINT WARNING * * *
You feel better. The acid dragon bites you!
* * * LOW HITPOINT WARNING * * *
You block the acid dragon's attack.
You feel better. The acid dragon bites you.
* * * LOW HITPOINT WARNING * * *
You block the acid dragon's attack.
As you read the scroll of fear, it crumbles to dust.
You assume a fearsome visage.
The acid dragon looks frightened!
The acid dragon spits acid at you. The splash of acid hits you!
* * * LOW HITPOINT WARNING * * *
The acid corrodes you!
You are splashed with acid!
You die...

* ####################
,, ...................
, #..##.....#..###...
(. #..##.....#..# #...
..(.##..##.....#..#
#...
,.$.(((D.##........#
#... , *
*#@..........###... *
, , #.................
*
*,,,#.....#'########..
,* #.#...#...,, ,#.. ,
#.#...#..... #'# ,,
#.#...#........>.. *
,, #.#...#...##...##.
* , , #.....#...# #+#
#. ,, ##'###...# ,,
...


You could see an acid dragon (fleeing, catching breath).

Vanquished Creatures
  A black mamba (Lair:1)
  Joseph (D:7)
  Sigmund (D:3)
  A wyvern (D:10)
  6 yaks (D:7)
  A basilisk (D:10)
  2 water moccasins
  3 orc warriors
  2 black bears
  4 ice beasts
  A necrophage (D:6)
  An ogre (D:5)
  8 centaurs
  2 phantoms (D:4)
  A gnoll sergeant (D:8)
  4 bullfrogs
  A scorpion (D:4)
  A wyvern zombie (D:6)
  3 water moccasin zombies
  An elf skeleton (D:8)
  A water moccasin skeleton (D:6)
  4 killer bees (D:8)
  A howler monkey (D:7)
  9 wights
  2 centaur zombies (D:9)
  A human zombie (D:8)
  3 hounds
  A bullfrog zombie (D:4)
  A gnoll shaman (D:8)
  A jelly (D:7)
  4 orc priests
  Crazy Yiuf (D:2)
  Terence (D:2)
  A centaur skeleton (D:6)
  Natasha (thrice) (D:2)
  13 orc wizards
  A human skeleton (D:8)
  A hound zombie (D:5)
  2 hound skeletons
  2 mummies (Ossuary)
  A howler monkey skeleton (D:5)
  A howler monkey zombie (D:9)
  13 adders
  8 gnolls (D:8)
  5 river rats (D:6)
  A shadow imp (D:7)
  An ufetubus (D:5)
  6 adder zombies (Ossuary)
  3 worms
  2 dart slugs
  27 orcs
  6 bats
  4 endoplasms
  3 giant cockroaches
  5 goblins
  9 hobgoblins
  2 quokkas
  9 ball pythons
  6 frilled lizards
  2 gnoll zombies (Ossuary)
  7 hobgoblin zombies (Ossuary)
  5 kobolds
  6 kobold zombies (Ossuary)
  2 orc skeletons (D:8)
  10 orc zombies
  6 rats
248 creatures vanquished.

Vanquished Creatures (collateral kills)
  An acid dragon (D:8)
1 creature vanquished.

Vanquished Creatures (others)
  4 fungi (D:2)
  11 plants
15 creatures vanquished.

Grand Total: 264 creatures vanquished

Notes
Turn   | Place    | Note
-------+----------+-------------------------------------------
     0 | D:1      | thromnambular the Tengu Wanderer began the quest for the
                  | Orb.
     0 | D:1      | thromnambular set off with the following items: a +2
                  | dagger, 2 curare-tipped darts, a +0 ring mail, a +0 hand
                  | axe
     0 | D:1      | Reached XP level 1. HP: 15/15 MP: 2/2
    55 | D:1      | Reached XP level 2. HP: 11/20 MP: 3/3
   207 | D:1      | Reached skill level 1 in Dodging
   624 | D:1      | Reached XP level 3. HP: 24/24 MP: 4/4
  1154 | D:2      | Noticed Terence
  1159 | D:2      | Killed Terence
  1160 | D:2      | Reached XP level 4. HP: 28/30 MP: 5/5
  1284 | D:2      | Noticed Natasha
  1287 | D:2      | Killed Natasha
  1405 | D:2      | Found a faded altar of an unknown god.
  1490 | D:2      | Became a worshipper of Xom the Fickle
  1508 | D:2      | Reached skill level 1 in Long Blades
  1508 | D:2      | Gained mutation: Your magical nature lets you fly swiftly
                  | and evasively. [Tengu growth]
  1508 | D:2      | Reached XP level 5. HP: 13/34 MP: 6/6
  1747 | D:2      | Found a runed translucent door.
  1748 | D:2      | Noticed Crazy Yiuf
  1754 | D:2      | XOM: butterfly on damage
  1797 | D:2      | Killed Crazy Yiuf
  2080 | D:2      | XOM: silly message
  2124 | D:2      | Reached skill level 5 in Fighting
  2133 | D:2      | XOM: cloud trail
  2277 | D:2      | XOM: silly message
  2300 | D:2      | Noticed Natasha
  2307 | D:2      | XOM: silly message
  2314 | D:2      | Killed Natasha
  2329 | D:2      | Reached XP level 6. HP: 19/40 MP: 7/7
  2400 | D:2      | Noticed Natasha
  2408 | D:2      | Killed Natasha
  2844 | D:3      | Noticed Sigmund
  2910 | D:3      | XOM: give mutations
  2910 | D:3      | Gained mutation: Your body sometimes deteriorates upon
                  | taking damage. [Xom's mischief]
  2910 | D:3      | Gained mutation: You occasionally shout uncontrollably at
                  | your foes. [Xom's mischief]
  2925 | D:3      | Found a blossoming altar of Fedhas.
  3209 | D:3      | XOM: summons 5 friendly demons
  3366 | D:3      | XOM: scenery: summon butterflies
  3435 | D:3      | XOM: give mutations
  3435 | D:3      | Gained mutation: You passively map a small area around you.
                  | [Xom's grace]
  3435 | D:3      | Gained mutation: Your muscles are strong. (Str +2) [Xom's
                  | grace]
  3435 | D:3      | Gained mutation: Your system is resistant to poisons.
                  | (rPois) [Xom's grace]
  3435 | D:3      | Gained mutation: Your movements are slightly less
                  | encumbered by armour. (ER -2) [Xom's grace]
  3441 | D:3      | XOM: 3-stop teleportation journey
  3502 | D:3      | Found a stormy altar of Qazlal.
  3735 | D:3      | Killed Sigmund
  3736 | D:3      | Reached XP level 7. HP: 30/45 MP: 8/8
  4282 | D:4      | Found a burning altar of Makhleb.
  4288 | D:4      | Fell from the grace of Xom
  4288 | D:4      | Became a worshipper of Makhleb the Destroyer
  4369 | D:4      | Reached skill level 6 in Fighting
  4369 | D:4      | Reached skill level 1 in Shields
  4818 | D:4      | XOM: give mutations
  4818 | D:4      | Gained mutation: Your body often deteriorates upon taking
                  | damage. [Xom's mischief]
  4818 | D:4      | Lost mutation: Your muscles are strong. (Str +2) [Xom's
                  | mischief]
  4899 | D:4      | XOM: give mutations
  4899 | D:4      | Gained mutation: You have an increased reservoir of magic.
                  | (+10% MP) [Xom's mischief]
  4899 | D:4      | Gained mutation: Armour fits poorly on your strangely
                  | shaped body. [Xom's mischief]
  4899 | D:4      | Lost mutation: You occasionally shout uncontrollably at
                  | your foes. [Xom's mischief]
  4899 | D:4      | Lost mutation: Your body often deteriorates upon taking
                  | damage. [Xom's mischief]
  5145 | D:5      | Entered Level 5 of the Dungeon
  5159 | D:4      | Reached skill level 5 in Dodging
  5159 | D:4      | Reached XP level 8. HP: 41/51 MP: 9/9
  5302 | D:5      | XOM: 1-stop teleportation journey
  5447 | D:5      | XOM: confusion
  5506 | D:5      | XOM: torment (27/52 hp)
  5660 | D:5      | Found a staircase to the Ecumenical Temple.
  5736 | D:5      | Reached skill level 5 in Long Blades
  5777 | D:5      | Reached * piety under Makhleb
  5858 | D:5      | XOM: give mutations
  5858 | D:5      | Lost mutation: You have an increased reservoir of magic.
                  | (+10% MP) [Xom's mischief]
  5858 | D:5      | Gained mutation: Your spells are a little easier to cast,
                  | but a little less powerful. [Xom's mischief]
  5858 | D:5      | Gained mutation: You are dopey. (Int -2) [Xom's mischief]
  5858 | D:5      | Lost mutation: Your system is resistant to poisons. (rPois)
                  | [Xom's mischief]
  6292 | D:6      | Reached skill level 7 in Fighting
  6363 | D:6      | Reached XP level 9. HP: 30/57 MP: 10/10
  6681 | D:6      | XOM: give mutations
  6681 | D:6      | Lost mutation: You are dopey. (Int -2) [Xom's mischief]
  6681 | D:6      | Lost mutation: Your body sometimes deteriorates upon taking
                  | damage. [Xom's mischief]
  6681 | D:6      | Lost mutation: Your spells are a little easier to cast, but
                  | a little less powerful. [Xom's mischief]
  6681 | D:6      | Gained mutation: Your mind is acute. (Int +2) [Xom's
                  | mischief]
  6869 | D:6      | Learned a level 3 spell: Vampiric Draining
  7276 | D:6      | Lost mutation: Armour fits poorly on your strangely shaped
                  | body. [potion of mutation]
  7276 | D:6      | Lost mutation: Your mind is acute. (Int +2) [potion of
                  | mutation]
  7276 | D:6      | Lost mutation: Your movements are slightly less encumbered
                  | by armour. (ER -2) [potion of mutation]
  7276 | D:6      | Gained mutation: Your body sometimes deteriorates upon
                  | taking damage. [potion of mutation]
  7276 | D:6      | Gained mutation: You are weak. (Str -2) [potion of
                  | mutation]
  7276 | D:6      | Gained mutation: Your magical capacity is low. (-10% MP)
                  | [potion of mutation]
  7276 | D:6      | Gained mutation: You expend magic power (3 MP) to
                  | strengthen your wands. [potion of mutation]
  7734 | D:7      | XOM: 1-stop teleportation journey
  7745 | D:7      | Reached ** piety under Makhleb
  8030 | D:7      | Learned a level 5 spell: Agony
  8052 | D:7      | Reached skill level 5 in Shields
  8112 | D:7      | Reached skill level 8 in Fighting
  8122 | D:7      | Reached skill level 1 in Necromancy
  8152 | D:7      | Reached XP level 10. HP: 64/64 MP: 10/10
  8167 | D:7      | Learned a level 1 spell: Apportation
  8633 | D:7      | Noticed Joseph
  8658 | D:7      | Killed Joseph
  9137 | D:8      | Found a sand-covered staircase.
  9148 | Ossuary  | Entered an ossuary
  9188 | Ossuary  | Reached *** piety under Makhleb
  9254 | Ossuary  | Reached skill level 1 in Invocations
  9296 | Ossuary  | Identified the +1 robe of the Thunderstorm {+Inv rElec rN+}
  9503 | D:8      | Found a hide-covered altar of Uskayaw.
  9555 | D:8      | XOM: enchant monster (bad)
 10583 | D:8      | XOM: silly message
 10678 | D:9      | Found Suem's Antique Weapon Shoppe.
 10689 | D:9      | Identified the +6 ring mail of Precision Catastrophes {rF+
                  | Will++}
 10788 | D:9      | XOM: silly message
 10918 | D:9      | Reached **** piety under Makhleb
 11069 | D:9      | Reached skill level 5 in Armour
 11142 | D:9      | Found a staircase to the Orcish Mines.
 11270 | D:9      | XOM: silly message
 11573 | D:10     | Entered Level 10 of the Dungeon
 11804 | D:10     | XOM: silly message
 11866 | D:10     | Found a staircase to the Lair.
 12024 | Lair:1   | Entered Level 1 of the Lair of Beasts
 12024 | Lair:1   | Noticed a black mamba
 12036 | Lair:1   | Killed a black mamba
 12037 | Lair:1   | Reached skill level 9 in Fighting
 12037 | Lair:1   | Reached XP level 11. HP: 48/71 MP: 11/11
 12037 | Lair:1   | Noticed a five-headed hydra
 12142 | D:10     | XOM: silly message
 12325 | D:10     | XOM: silly message
 12448 | D:10     | Splashed by an acid dragon's acid

Illustrated notes

Levels and vault maps discovered:
D:1:      co_arrival_random_square_maze, layout_rooms
D:2:      layout_loops_ring, shapermc_ecumenical_altar_ellora, uniq_terence,
          uniq_crazy_yiuf_cottage, uniq_natasha
D:3:      layout_loops_corners, mainiacjoe_overflow_six_doors_small,
          fedhas_altar_2, uniq_sigmund
D:4:      layout_basic, lemuel_tele_altar, grunt_ministairs_12, minivault_25
D:5:      layout_layer_cave, minmay_temple_entry_overgrown,
          small_statue_intersection
D:6:      layout_basic, lightli_sewer_entry_pipes
D:7:      layout_basic, kb_lookout_dungeons_type, serial_bayou_pond_a,
          uniq_joseph
D:8:      layout_loops_ring, nicolae_uskayaw_suspiria,
          nicolae_ossuary_entry_catacombs, corexii_hall_statues_x,
          minmay_strange_pillars
D:9:      layout_basic, david_orc_3, serial_shops, shop
D:10:     layout_stronghold, david_lair_generic
Lair:1:   layout_misc_corridors, serial_bayou, serial_bayou_crossing,
          serial_bayou_lake_a, serial_bayou_shore_a, serial_bayou_shore_b,
          chequers_serial_rivers_micro_d, hangedman_tree_tricks

Skill      XL: |  1  2  3  4  5  6  7  8  9 10 |
---------------+-------------------------------+-----
Dodging        | 1 2 3 4 5 6 |  6.5
Axes           | 4 |  4.0
Long Blades    | 1 2 3 4 5 7 8 |  8.3
Fighting       | 5 6 7 8 9 |  9.0
Shields        | 1 3 6 7 |  7.6
Armour         | 3 5 |  5.7
Necromancy     | 3 4 |  4.1
Invocations    | 1 |  1.2
Throwing       | |  1.0
Evocations     | |  1.0

Action                   |  1- 3 |  4- 6 |  7- 9 | 10-12 || total
-------------------------+-------+-------+-------+-------++-------
Melee: Hand axe          |    60 |       |       |       ||    60
       Peck              |     7 |    15 |    47 |    64 ||   133
       Kick              |    13 |    25 |    87 |    85 ||   210
       Falchion          |       |    87 |   277 |   303 ||   667
Throw: Dart              |     3 |     6 |     6 |    25 ||    40
       Boomerang         |       |    18 |    23 |       ||    41
Invok: Lesser Servant of |       |       |       |     1 ||     1
Evoke: Wand              |       |       |     3 |       ||     3
  Use: Potion            |       |     1 |     3 |     5 ||     9
       Scroll            |       |       |     6 |    12 ||    18
Armor: Ring mail         |    22 |    29 |    25 |    32 ||   108
Dodge: Dodged            |    26 |    40 |   156 |   115 ||   337
Block: Other             |       |     5 |    25 |       ||    30
       Reflection        |       |       |     1 |    17 ||    18
       Kite shield       |       |       |   107 |   199 ||   306
       Rpst.: Falchion   |       |    15 |    46 |    32 ||    93
